 Dungeon Crawl Stone Soup version 0.28-a0-474-g535839065c (webtiles) character file.

Game seed: 9241811711651721975

71327 olmar the Severer (level 14, -14/132 HPs)
             Began as a Deep Dwarf Fighter on Sept 14, 2021.
             Was the Champion of Makhleb.
             Demolished by an enormous slime creature (51 damage)
             ... on level 14 of the Dungeon on Sept 15, 2021.
             The game lasted 01:39:15 (23245 turns).

olmar the Severer (Deep Dwarf Fighter)             Turns: 23245, Time: 01:39:16

Health: -14/132    AC: 25    Str: 24    XL:     14   Next: 97%
Magic:  3/3        EV:  5    Int:  5    God:    Makhleb [******]
Gold:   2054       SH: 17    Dex: 12    Spells: 13/13 levels left

rFire   + . .      SeeInvis .   l - +5 broad axe
rCold   + . .      Faith    .   E - +0 kite shield
rNeg    + + .      Spirit   .   N - -3 crystal plate armour
rPois   +          Reflect  +   i - +0 helmet
rElec   .          Harm     .   z - scarf {rC+ rF+}
rCorr   +          Rampage  .   Y - +2 pair of gloves
Will    +++..                   P - +0 pair of boots of Failure {+Inv rPois rCorr Int-5}
Stlth   ..........              B - amulet of reflection
HPRegen 0.00/turn               Q - ring of willpower
MPRegen 0.08/turn               C - ring of positive energy

@: studying Polearms
A: damage resistance, heal wounds, negative energy resistance 1, sense
surroundings 2, no regeneration
a: Heal Wounds, Renounce Religion, Evoke Invisibility, Minor Destruction, Lesser
Servant of Makhleb, Major Destruction, Greater Servant of Makhleb


You were on level 14 of the Dungeon.
You worshipped Makhleb.
Makhleb was exalted by your worship.
You visited 4 branches of the dungeon, and saw 23 of its levels.
You also visited: Bailey.

You collected 3668 gold pieces.
You spent 1614 gold pieces at shops.

Inventory:

Hand Weapons
 l - a +5 broad axe (weapon)
 A - the +7 mace of Variability {chain chaos}
   (You found it on level 5 of the Lair of Beasts)

   Each time it hits an enemy it has a different, random effect.
   It occasionally unleashes arcs of chaos on nearby creatures upon striking a
   foe.
 F - a +3 hand axe of flaming
Missiles
 y - 15 poisoned darts (quivered)
 L - a curare-tipped dart
 O - 2 javelins
Armour
 f - a scarf of harm
 i - a +0 helmet (worn)
 z - a scarf of resistance (worn)
 E - a +0 kite shield (worn)
 I - the +0 chain mail of Grand Mirth {rN+ rCorr Int+4 Stlth-}
   (You found it on level 2 of the Lair of Beasts)

   Int:       It affects your intelligence (+4).
   rN:        It protects you from negative energy.
   rCorr:     It protects you from acid and corrosion.
   Stlth:     It makes you less stealthy.
 M - a +0 pair of gloves
 N - a -3 crystal plate armour (worn)
 P - the +0 pair of boots of Failure (worn) {+Inv rPois rCorr Int-5}
   (You found it on level 12 of the Dungeon)

   Int:       It affects your intelligence (-5).
   rPois:     It protects you from poison.
   +Inv:      It lets you turn invisible.
   rCorr:     It protects you from acid and corrosion.
 Y - a +2 pair of gloves (worn)
Jewellery
 h - a ring of fire
 n - a ring of magical power
 q - a ring of see invisible
 w - a ring of resist corrosion
 B - an amulet of reflection (around neck)
 C - a ring of positive energy (right hand)
 Q - a ring of willpower (left hand)
 S - an amulet of the acrobat
Wands
 H - a wand of flame (18)
Scrolls
 a - a scroll of silence {unknown}
 b - a scroll of torment
 g - a scroll of immolation
 k - 2 scrolls of enchant armour
 m - a scroll of vulnerability
 p - 2 scrolls of teleportation
 t - 3 scrolls of amnesia
 u - 2 scrolls of fog
 v - 7 scrolls of noise
 x - 2 scrolls of blinking
 G - 2 scrolls of magic mapping
 K - 5 scrolls of fear
 T - 7 scrolls of identify
 U - a scroll of enchant weapon
Potions
 c - 3 potions of attraction
 d - 3 potions of mutation
 e - 3 potions of lignification
 j - 2 potions of haste
 o - a potion of degeneration
 r - 15 potions of curing
 s - a potion of flight
 J - 5 potions of brilliance
 R - a potion of cancellation
 V - 2 potions of resistance
 X - 2 potions of heal wounds
Miscellaneous
 D - a condenser vane (inert)


   Skills:
 + Level 10.0 Fighting
 + Level 17.3 Axes
 - Level 5.6 Throwing
 + Level 12.4 Armour
 + Level 13.0 Shields
 + Level 8.7 Invocations


You had 13 spell levels left.
You didn't know any spells.
Your spell library contained the following spells:

 Spells                   Type           Power      Damage    Failure   Level
 Animate Skeleton         Necr           0%         N/A       100%        1
 Apportation              Tloc           0%         N/A       100%        1
 Foxfire                  Conj/Fire      0%         2x1d4     100%        1
 Shock                    Conj/Air       0%         1d3       100%        1
 Summon Small Mammal      Summ           0%         N/A       100%        1
 Corpse Rot               Necr/Air       N/A        N/A       100%        2
 Scorch                   Fire           0%         2d5       100%        2
 Call Canine Familiar     Summ           0%         N/A       100%        3
 Conjure Flame            Conj/Fire      0%         6-21      100%        3
 Frozen Ramparts          Ice            0%         1d2       100%        3
 Gell's Gravitas          Tloc           0%         N/A       100%        3
 Inner Flame              Hex/Fire       0%         N/A       100%        3
 Lesser Beckoning         Tloc           0%         N/A       100%        3
 Summon Guardian Golem    Hex/Summ       0%         N/A       100%        3
 Swiftness                Air            0%         N/A       100%        3
 Teleport Other           Tloc           0%         N/A       100%        3
 Airstrike                Air            0%         N/A       100%        4
 Dispel Undead            Necr           0%         3d6       100%        4
 Flame Wave               Conj/Fire      0%         3d3       100%        4
 Fulminant Prism          Conj/Hex       0%         3d6       100%        4
 Hailstorm                Conj/Ice       0%         3d3       100%        4
 Ice Form                 Ice/Tmut       0%         N/A       100%        4
 Sticky Flame             Conj/Fire      0%         2d3       100%        4
 Summon Ice Beast         Ice/Summ       0%         N/A       100%        4
 Alistair's Intoxication  Tmut/Pois      0%         N/A       100%        5
 Freezing Cloud           Conj/Ice/Air   0%         6-21      100%        5
 Manifold Assault         Tloc           0%         N/A       100%        5
 Death Channel            Necr           0%         N/A       100%        6
 Invisibility             Hex            0%         N/A       100%        6
 Simulacrum               Ice/Necr       0%         N/A       100%        6
 Summon Cactus Giant      Summ           0%         N/A       100%        6
 Orb of Destruction       Conj           0%         N/A       100%        7
 Spellforged Servitor     Conj/Summ      0%         N/A       100%        7
 Polar Vortex             Ice            0%         N/A       100%        9


Dungeon Overview and Level Annotations

Branches:
Dungeon (14/15)            Temple (1/1) D:5            Lair (6/6) D:8
 Shoals (0/4) Lair:2        Snake (0/4) Lair:4          Orc (2/2) D:9
    Elf (0/3) Orc:2        Vaults (0/5) D:13         Bailey (visited)
  Slime: Lair:5-6

Altars:
Ashenzari
Cheibriados
Dithmenos
Elyvilon
Fedhas
Gozag
Hepliaklqana
Kikubaaqudgha
Makhleb
Okawaru
Ru
Sif Muna
Trog
Uskayaw
Vehumet
Wu Jian
Xom
Zin
The Shining One
Beogh

Shops:
D:6 (   D:9 *   D:10 (   Orc:2 ?[(!!

Annotations:
Lair:6 exclusion: oklob plant
Orc:1 3 runed translucent doors, Eblaalis's ghost, journeyman OgWr; Jypoaq's ghost, journeyman DsGl; Veudig's ghost, journeyman HOFi


Innate Abilities, Weirdness & Mutations

You are resistant to damage.
You can heal yourself by infusing magical energy.
You resist negative energy. (rN+)
You passively map the area around you.
You do not regenerate.


Message History

There is a stone staircase leading down here.
You climb downwards.
There is a stone staircase leading up here.
(D) Dungeon (T) Temple (L) Lair (A) Shoals (P) Snake Pit (O) Orcish Mines (E) Elven Halls (V) Vaults
Where to? (Enter - D:9, ? - help)
There is a stone staircase leading down here.
You climb downwards.
There is a stone staircase leading up here.
(D) Dungeon (T) Temple (L) Lair (A) Shoals (P) Snake Pit (O) Orcish Mines (E) Elven Halls (V) Vaults
Where to? (Enter - D:10, ? - help)
You see here +0 acid dragon scales.
There is an open door here.
There is an open door here.
There is a stone staircase leading down here.
You climb downwards.
There is a stone staircase leading up here.
(D) Dungeon (T) Temple (L) Lair (A) Shoals (P) Snake Pit (O) Orcish Mines (E) Elven Halls (V) Vaults
Where to? (Enter - D:11, ? - help)
There is an open door here.
There is a stone staircase leading down here.
You climb downwards.
There is a stone staircase leading up here.
(D) Dungeon (T) Temple (L) Lair (A) Shoals (P) Snake Pit (O) Orcish Mines (E) Elven Halls (V) Vaults
Where to? (Enter - D:12, ? - help)
There is a stone staircase leading down here.
You climb downwards.
There is a stone staircase leading up here.
(D) Dungeon (T) Temple (L) Lair (A) Shoals (P) Snake Pit (O) Orcish Mines (E) Elven Halls (V) Vaults
Where to? (Enter - D:13, ? - help)
There is a stone staircase leading up here.
Things that are here:
a +0 ring mail; a +0 rapier
There is a stone staircase leading down here.
You climb downwards.
The enormous slime creature hits you!!!
You die...

######.................)#
........................#
........................#
###.#...##############..#
###.#...# #..#
.####...#### #..#
.#.........# ** #..#
.....#.#...# #######..#
.#.........# #@J......#
.####...#++#.. ####.....#
....#...#..... #.....#
....#...#...#u# #.....#
....##'##,.....,, #.....#
.)......####...#####....#
###).......#...'u..#..^.#
..#........#...'...#....#
..+........#####...###..#


You could see an enormous slime creature.

Vanquished Creatures
  An orc warlord (Orc:2)
  9 hydras
  A rakshasa (D:14)
  5 boulder beetles
  6 catoblepae
  6 centaur warriors
  Erica (Lair:1)
  2 tengu warriors
  7 death yaks
  An orc high priest (Orc:1)
  Urug (D:11)
  A skeletal warrior (D:13)
  2 lindwurms
  A wizard (D:14)
  2 orc knights (Orc:2)
  3 wolf spiders
  A necromancer (Lair:2)
  2 deep elf pyromancers (D:13)
  7 ugly things
  2 orc sorcerers (Orc:2)
  3 manticores
  Maurice (D:9)
  6 cyclopes
  3 elephants
  4 black mambas
  4 centaur zombies
  A torpor snail (Lair:6)
  2 gargoyles
  12 cane toads
  Psyche (D:11)
  9 rime drakes
  Maggie (D:6)
  2 kobold demonologists
  16 komodo dragons
  An efreet (D:13)
  2 komodo dragons (shapeshifter) (D:13)
  7 trolls
  11 polar bears (Lair:6)
  A hornet (D:10)
  2 raiju (Lair:6)
  10 slime creatures
  17 blink frogs
  5 dream sheep (Lair:6)
  A shadow (D:12)
  70 yaks
  A wraith (D:12)
  5 wyverns
  A yak (shapeshifter) (D:13)
  4 basilisks
  2 steam dragons
  4 vampire mosquitoes (D:13)
  11 wargs
  2 nagas (Lair:4)
  An acid dragon (D:10)
  8 hell hounds (Lair:6)
  15 water moccasins
  A black bear (shapeshifter) (D:14)
  39 orc warriors
  12 black bears
  A boggart (D:13)
  8 ogres
  7 centaurs
  25 wolves
  A phantom (D:4)
  3 kobold brigands (D:13)
  9 gnoll sergeants
  14 bullfrogs
  2 scorpions
  A wight (D:8)
  2 electric eels
  A bullfrog zombie (D:6)
  2 hounds (Bailey)
  28 orc priests
  4 centaur skeletons
  3 gnoll shamans (Bailey)
  2 bullfrog skeletons
  An iguana (D:7)
  33 orc wizards
  A polar bear simulacrum (Lair:2)
  2 yak simulacra (Lair:2)
  2 wolf simulacra (Lair:2)
  19 gnolls
  6 adders
  An ufetubus (D:4)
  An adder skeleton (D:4)
  2 dart slugs
  100 orcs
  5 endoplasms
  3 giant cockroaches
  5 goblins
  4 hobgoblins
  2 jackals (D:5)
  2 quokkas
  9 ball pythons
  A frilled lizard (D:2)
  7 kobolds
  6 rats
  2 river rat simulacra (Lair:2)
686 creatures vanquished.

Vanquished Creatures (collateral kills)
  3 boulder beetles
  A two-headed ogre (D:13)
  A death yak (Lair:3)
  A deep elf pyromancer (D:13)
  An orc knight (D:13)
  A manticore (D:12)
  2 elephants (Lair:2)
  A centaur skeleton (D:13)
  The ghost of yellowboar the Chucker, an amateur TrHu (D:5)
  A hornet (D:9)
  5 blink frogs
  A wind drake (Lair:2)
  A slime creature (D:12)
  3 raiju (Lair:6)
  2 vampires
  A basilisk (Lair:1)
  16 yaks
  2 acid dragons
  4 hell hounds (Lair:6)
  3 ice beasts (D:6)
  3 orc warriors
  A phantom (D:6)
  A wyvern zombie (D:6)
  2 bullfrogs (D:8)
  3 gnoll sergeants
  3 scorpions
  A wyvern skeleton (D:7)
  A bullfrog zombie (D:5)
  3 centaur zombies
  A jelly (D:4)
  3 orc priests
  3 gnoll shamans (Bailey)
  An iguana (D:4)
  2 orc wizards (D:8)
  2 yak simulacra (Lair:2)
  A killer bee zombie (D:8)
  11 gnolls
  6 adders
  A worm (D:5)
  A dart slug (D:2)
  18 orcs
  3 endoplasms
  5 goblins
  2 hobgoblins (D:3)
  2 quokkas
  3 ball pythons
  3 bats
  6 frilled lizards
  2 kobolds
  2 rats
  2 river rat simulacra (Lair:2)
  A butterfly (D:5)
150 creatures vanquished.

Vanquished Creatures (others)
  A fire dragon (D:14)
  A vampire (D:13)
  A wolf (Lair:6)
  A white imp (D:6)
  10 hexers
  An orc (Orc:2)
  An ancestor (D:1)
  54 fungi
  67 plants
  6 toadstools (Lair:2)
  3 withered plants (Orc:1)
146 creatures vanquished.

Grand Total: 982 creatures vanquished

Notes
Turn   | Place    | Note
-------+----------+-------------------------------------------
     0 | D:1      | olmar the Deep Dwarf Fighter began the quest for the Orb.
     0 | D:1      | Reached XP level 1. HP: 20/20 MP: 1/1
   106 | D:1      | Found a faded altar of an unknown god.
   224 | D:1      | Became a worshipper of Hepliaklqana the Forgotten
   224 | D:1      | Reached * piety under Hepliaklqana
   381 | D:1      | Reached XP level 2. HP: 21/24 MP: 2/2
   642 | D:2      | Reached XP level 3. HP: 25/29 MP: 3/3
   657 | D:2      | Reached skill level 3 in Axes
   897 | D:2      | Reached XP level 4. HP: 30/37 MP: 4/4
   987 | D:2      | Reached ** piety under Hepliaklqana
   988 | D:2      | Remembered your ancestor Ferran as a hexer
  1551 | D:3      | Found a glowing golden altar of the Shining One.
  1790 | D:3      | Reached skill level 4 in Axes
  1816 | D:3      | Reached XP level 5. HP: 25/44 MP: 5/5
  1821 | D:3      | Found a shimmering altar of Xom.
  2021 | D:4      | Noticed an ogre
  2044 | D:4      | Killed an ogre
  2045 | D:4      | Reached skill level 5 in Axes
  2045 | D:4      | Reached XP level 6. HP: 33/50 MP: 4/4
  2189 | D:4      | Reached skill level 5 in Armour
  2214 | D:4      | Reached *** piety under Hepliaklqana
  2900 | D:5      | Entered Level 5 of the Dungeon
  2942 | D:5      | Reached skill level 6 in Axes
  2942 | D:5      | Reached XP level 7. HP: 50/56 MP: 4/4
  3493 | D:5      | Found a large runed translucent door.
  3494 | D:5      | Found a large runed translucent door.
  3497 | D:5      | Noticed yellowboar's ghost (amateur TrHu)
  3537 | D:5      | Killed yellowboar's ghost
  3538 | D:5      | Reached skill level 7 in Axes
  3538 | D:5      | Reached XP level 8. HP: 64/64 MP: 5/5
  3564 | D:5      | Found a staircase to the Ecumenical Temple.
  3828 | D:6      | Reached skill level 1 in Throwing
  3828 | D:6      | Reached skill level 5 in Shields
  3834 | D:6      | Reached skill level 8 in Axes
  3859 | D:6      | Found an ancient bone altar of Kikubaaqudgha.
  3871 | D:6      | Reached **** piety under Hepliaklqana
  3996 | D:6      | Noticed Maggie
  4017 | D:6      | Killed Maggie
  4018 | D:6      | Reached skill level 9 in Axes
  4018 | D:6      | Gained mutation: You passively map the area around you.
                  | [Deep Dwarf growth]
  4018 | D:6      | Reached XP level 9. HP: 25/71 MP: 6/6
  4143 | D:6      | Found Tusir's Weapon Shop.
  4409 | D:7      | Found a flagged portal.
  4475 | Bailey   | Entered a bailey
  4610 | Bailey   | Reached skill level 10 in Axes
  4719 | Bailey   | Reached skill level 5 in Fighting
  4754 | Bailey   | HP: 3/72 [gnoll shaman (5)]
  4919 | D:7      | Found a broken altar of Ashenzari.
  5546 | D:8      | Reached ***** piety under Hepliaklqana
  5591 | D:8      | Noticed a boulder beetle
  5597 | D:8      | Reached skill level 1 in Invocations
  5597 | D:8      | Reached XP level 10. HP: 54/79 MP: 4/4
  5613 | D:8      | Killed a boulder beetle
  5814 | D:8      | Reached skill level 11 in Axes
  5910 | D:8      | Found a shadowy altar of Dithmenos.
  5933 | D:8      | Found a staircase to the Lair.
  6176 | D:8      | Found a runed translucent door.
  6787 | D:9      | Found Ebrer's Lightly-Used Armoury.
  6792 | D:9      | Bought a -3 crystal plate armour for 910 gold pieces
  6831 | D:9      | Found a staircase to the Orcish Mines.
  6903 | D:9      | Reached skill level 5 in Invocations
  6978 | D:9      | Noticed Maurice
  6992 | D:9      | Killed Maurice
  6993 | D:9      | Reached XP level 11. HP: 40/87 MP: 7/9
  7087 | D:9      | Reached skill level 12 in Axes
  7441 | D:9      | Found an opulent altar of Gozag.
  7613 | D:10     | Entered Level 10 of the Dungeon
  7953 | D:10     | Found Uwuucuq's Antique Weapon Shop.
  8303 | D:10     | Found an ornate altar of the Wu Jian Council.
  8430 | D:10     | Found an iron altar of Okawaru.
  8431 | D:10     | Found a radiant altar of Vehumet.
  8578 | D:11     | Noticed a boulder beetle
  8592 | D:11     | Killed a boulder beetle
  8791 | D:11     | Reached ****** piety under Hepliaklqana
  8807 | D:11     | Noticed a boulder beetle
  8817 | D:11     | Killed a boulder beetle
  8934 | D:11     | Noticed Urug
  8934 | D:11     | Noticed Psyche
  8949 | D:11     | Killed Urug
  8955 | D:11     | Killed Psyche
  9321 | D:12     | Reached skill level 13 in Axes
  9321 | D:12     | Reached XP level 12. HP: 57/95 MP: 9/9
  9353 | D:12     | Noticed a boulder beetle
  9364 | D:12     | Killed a boulder beetle
  9473 | D:12     | Identified the +0 pair of boots of Failure {+Inv rPois
                  | rCorr Int-5}
  9493 | D:12     | Reached skill level 10 in Armour
  9559 | D:12     | Noticed a centaur warrior
  9571 | D:12     | Killed a centaur warrior
  9591 | D:12     | Noticed a six-headed hydra
  9601 | D:12     | Killed a six-headed hydra
  9966 | D:13     | Noticed a centaur warrior
  9979 | D:13     | Killed a centaur warrior
  9980 | D:13     | Reached skill level 5 in Throwing
  9986 | D:13     | Reached skill level 10 in Shields
 10000 | D:13     | Reached skill level 14 in Axes
 10042 | D:13     | Found a gate to the Vaults.
 10137 | D:13     | Noticed a two-headed ogre
 10149 | D:13     | Killed a two-headed ogre
 10202 | D:13     | Noticed a centaur warrior
 10206 | D:13     | Noticed a two-headed ogre
 10222 | D:13     | Killed a centaur warrior
 10273 | D:13     | Noticed a centaur warrior
 10295 | D:13     | Killed a centaur warrior
 10362 | D:13     | Noticed a boulder beetle
 10392 | D:13     | Killed a boulder beetle
 10393 | D:13     | Reached XP level 13. HP: 21/105 MP: 9/9
 10872 | Temple   | Entered the Ecumenical Temple
 10968 | Temple   | Fell from the grace of Hepliaklqana
 10968 | Temple   | Became a worshipper of Makhleb the Destroyer
 11077 | Orc:1    | Entered Level 1 of the Orcish Mines
 11372 | Orc:1    | Reached * piety under Makhleb
 11568 | Orc:1    | Found a runed translucent gate.
 11570 | Orc:1    | HP: 5/105 [orc priest/divine providence (15)]
 11581 | Orc:1    | Found a runed translucent gate.
 11583 | Orc:1    | Found a runed translucent gate.
 11585 | Orc:1    | Noticed Jypoaq's ghost (journeyman DsGl)
 11585 | Orc:1    | Noticed Veudig's ghost (journeyman HOFi)
 11585 | Orc:1    | Noticed Eblaalis's ghost (journeyman OgWr)
 11811 | Orc:2    | Entered Level 2 of the Orcish Mines
 12150 | Orc:2    | Found Kap Yfus's Distillery.
 12161 | Orc:2    | Found a staircase to the Elven Halls.
 12223 | Orc:2    | Reached ** piety under Makhleb
 12394 | Orc:2    | Found Naghemu's Distillery.
 12420 | Orc:2    | Bought a potion of curing for 30 gold pieces
 12420 | Orc:2    | Bought a potion of attraction for 30 gold pieces
 12420 | Orc:2    | Bought a potion of heal wounds for 50 gold pieces
 12420 | Orc:2    | Bought a potion of heal wounds for 50 gold pieces
 12420 | Orc:2    | Bought a potion of heal wounds for 50 gold pieces
 12420 | Orc:2    | Bought a potion of heal wounds for 50 gold pieces
 12752 | Orc:2    | Noticed an orc warlord
 12817 | Orc:2    | Reached *** piety under Makhleb
 12856 | Orc:2    | Killed an orc warlord
 13383 | Orc:2    | Bought a potion of curing for 36 gold pieces
 13383 | Orc:2    | Bought a potion of curing for 36 gold pieces
 13383 | Orc:2    | Bought a potion of curing for 36 gold pieces
 13383 | Orc:2    | Bought a potion of curing for 36 gold pieces
 13383 | Orc:2    | Bought a potion of curing for 36 gold pieces
 13383 | Orc:2    | Bought 2 potions of curing for 72 gold pieces
 13383 | Orc:2    | Bought 2 potions of mutation for 192 gold pieces
 13569 | Orc:2    | Reached **** piety under Makhleb
 13687 | Orc:2    | Found Emugisk's Antique Armour Shoppe.
 13690 | Orc:2    | Found Vyergh's Antique Weapon Emporium.
 13972 | Orc:2    | Found Xennirph's Magic Scroll Boutique.
 14135 | Lair:1   | Entered Level 1 of the Lair of Beasts
 14163 | Lair:1   | Noticed Erica
 14173 | Lair:1   | Killed Erica
 15754 | Lair:2   | Found a staircase to the Shoals.
 15966 | Lair:2   | Found a runed translucent door.
 18070 | D:14     | Was forgiven by Hepliaklqana
 18093 | D:14     | Noticed a fire dragon
 18137 | D:14     | Upgraded the game from 0.28-a0-465-ge2dae52223 to
                  | 0.28-a0-474-g535839065c
 18137 | D:14     | Killed a fire dragon
 18670 | Lair:2   | Reached skill level 15 in Axes
 18688 | Lair:2   | Got Laomnutu's Almanac of the Frigorific Traveller
 18691 | Lair:2   | Identified the +0 chain mail of Grand Mirth {rN+ rCorr
                  | Int+4 Stlth-}
 18901 | Lair:4   | Found a staircase to the Snake Pit.
 18959 | Lair:4   | Reached ***** piety under Makhleb
 20569 | Lair:5   | Found the +7 mace of Variability {chain chaos}
 20799 | Lair:6   | Entered Level 6 of the Lair of Beasts
 21205 | Lair:6   | Gained mutation: You resist negative energy. (rN+) [Deep
                  | Dwarf growth]
 21205 | Lair:6   | Reached XP level 14. HP: 87/127 MP: 3/3
 21207 | Lair:6   | Reached skill level 16 in Axes
 21767 | Lair:6   | Reached skill level 17 in Axes
 21892 | Lair:6   | Reached ****** piety under Makhleb
 21964 | Lair:6   | Reached skill level 10 in Fighting
 22076 | Lair:6   | Got the Catalogue of Combat Magic
 23245 | D:14     | Demolished by an enormous slime creature

Illustrated notes

Levels and vault maps discovered:
D:1:      ebering_hopf_link, layout_basic, hellmonk_ecumenical_altar_zigzags
D:2:      layout_basic, minmay_pentomino_u4
D:3:      kennysheep_six_static_rooms, layout_rooms,
          mainiacjoe_overflow_concentric_impassable, tgw_xom,
          minmay_misc_feat_tower
D:4:      layout_loops_corners, minmay_box_of_dots
D:5:      layout_cave_pods, minmay_temple_entry_butterflies,
          ebering_ghost_disaster_area
D:6:      layout_rooms, kiku_gazebo_garden_becter, serial_shops, shop,
          uniq_maggie
D:7:      layout_basic, cheibrodos_ashenzari_chains, enter_bailey_5
D:8:      minmay_evil_eye, layout_cave_pools,
          mainiacjoe_overflow_surrounded_room, lair_entry_dummy,
          serial_column_ruins, column_ruins_hut_pillars, column_ruins_hut,
          column_ruins_open_tiny, column_ruins_open_small,
          column_ruins_columns_T, column_ruins_grid_1, column_ruins_grid_1,
          column_ruins_grid_1, lightli_church_of_beogh
D:9:      layout_long_grid, grunt_gozag_breadcrumbs, david_orc_2,
          chequers_jeans, minmay_shop_damaged, uniq_maurice
D:10:     layout_gridville, nicolae_wu_jian_glorious_leap,
          gammafunk_temple_overflow_statue, serial_shops, shop
D:11:     layout_irregular_city, minmay_misc_feat_pillars, uniq_urug,
          uniq_psyche
D:12:     layout_big_octagon
D:13:     minmay_the_grid_triangle_9x9_rhombus_thin
          [minmay_the_grid_triangle_9x9_pentomino_pain,
          minmay_the_grid_triangle_9x9_prize_insulated,
          minmay_the_grid_triangle_9x9_cache,
          minmay_the_grid_triangle_9x9_wacky_v], layout_loops_cross,
          hangedman_vaults_entry_quadrant_bands
D:14:     layout_long_grid, hangedman_decor_cross_pass
Temple:   oiseaux_autumnal_temple
Lair:1:   layout_roguey, hangedman_lair_generics_rect, grunt_megastairs_3,
          uniq_erica
Lair:2:   gammafunk_lair_enchanted_lake, layout_cave_shapes,
          minmay_shoals_entry_beasts, grunt_forest_small_clearings,
          eino_house_with_fridge, infiniplex_staircase_pool_2
Lair:3:   layout_loops_ring, guppyfry_lair_drakes, serial_bayou_shore_a
Lair:4:   layout_roguey, guppyfry_snake_entry_garden, fungi_pond_lemuel,
          beast_lair_carwin_4
Lair:5:   layout_concentric_octagons, beast_lair_carwin_10, grunt_megastairs_5
Lair:6:   hangedman_lair_in_review, layout_misc_corridors,
          hangedman_lair_caniforms_friends, minmay_slime_entry_oklob_enclosed
Orc:1:    layout_caves, gammafunk_ghost_cemetery, mines2_david
Orc:2:    grunt_orc_community_town_hall, layout_caves,
          grunt_orc_community_big_house_1, grunt_orc_community_big_house_1,
          grunt_orc_community_house_3, grunt_orc_community_house_1,
          grunt_orc_community_house_3, grunt_orc_community_house_1,
          grunt_orc_community_house_3, grunt_orc_community_house_1,
          serial_shops, shop_fountains

Skill      XL: |  1  2  3  4  5  6  7  8  9 10 11 12 13 14 |
---------------+-------------------------------------------+-----
Armour         | 4 5 6 7 8 9 10 11 12 | 12.4
Axes           | 3 4 5 6 7 9 10 11 13 14 15 17 | 17.3
Fighting       | 3 4 5 6 7 8 10 | 10.0
Shields        | 4 5 7 8 9 10 11 13 | 13.0
Throwing       | 2 3 4 5 |  5.6
Invocations    | 1 5 7 8 |  8.7

Action                   |  1- 3 |  4- 6 |  7- 9 | 10-12 | 13-15 || total
-------------------------+-------+-------+-------+-------+-------++-------
Melee: War axe           |    67 |   126 |   193 |   329 |       ||   715
       Broad axe         |       |       |       |   151 |  1305 ||  1456
       Hand axe          |       |       |       |       |    53 ||    53
Throw: Dart              |       |       |    64 |    95 |   348 ||   507
       Throwing net      |       |       |       |    21 |    21 ||    42
       Javelin           |       |       |       |     9 |    69 ||    78
Invok: Ancestor Identity |     1 |       |       |       |       ||     1
       Ancestor Life: He |       |     1 |       |       |       ||     1
       Recall Ancestor   |       |     3 |       |       |       ||     3
       Idealise          |       |       |       |     1 |       ||     1
       Lesser Servant of |       |       |       |       |    20 ||    20
       Minor Destruction |       |       |       |       |    14 ||    14
       Major Destruction |       |       |       |       |     3 ||     3
 Abil: Heal Wounds       |       |     5 |    11 |    23 |    38 ||    77
       Evoke Invisibilit |       |       |       |       |     1 ||     1
Evoke: Wand              |       |       |    17 |    20 |    25 ||    62
       Condenser vane    |       |       |       |       |     3 ||     3
  Use: Scroll            |       |     1 |       |    10 |    13 ||    24
       Potion            |       |       |       |     6 |    13 ||    19
 Stab: Distracted        |     1 |       |       |     6 |    10 ||    17
       Confused          |       |     1 |     1 |    27 |     3 ||    32
       Invisible         |       |       |       |       |    11 ||    11
       Held in net/web   |       |       |       |       |     7 ||     7
       Petrified         |       |       |       |       |    17 ||    17
       Paralysed         |       |       |       |       |     5 ||     5
       Petrifying        |       |       |       |       |     3 ||     3
Armor: Chain mail        |    34 |    17 |       |       |       ||    51
       Scale mail        |     3 |       |       |       |       ||     3
       Plate armour      |       |    63 |   140 |    57 |       ||   260
       Crystal plate arm |       |       |       |   316 |   759 ||  1075
Dodge: Dodged            |    25 |    38 |    61 |    72 |   178 ||   374
Block: Buckler           |    18 |    35 |     9 |       |       ||    62
       Kite shield       |       |       |   154 |   391 |  1094 ||  1639
       Reflection        |       |       |     4 |    15 |    16 ||    35

Table legend: (Time is in decaauts)
 A = Elapsed time spent in this place.
 B = Non-inter-level travel time spent in this place.
 C = Inter-level travel time spent in this place.
 D = Time resting spent in this place.
 E = Time spent auto-exploring this place.
 F = Levels seen in this place.
 G = Mean time per level.
                   A        B        C        D        E       F      G
               +--------+--------+--------+--------+--------+-----+--------+
         Total |  23330 |  20636 |   2694 |   2131 |  13029 |  24 |  972.1 |
       Dungeon |  12527 |  10803 |   1724 |    296 |   7718 |  14 |  894.8 |
        Temple |    129 |     97 |     32 |      0 |     82 |   1 |  129.0 |
          Lair |   7247 |   6446 |    801 |    901 |   3914 |   6 | 1207.8 |
  Orcish Mines |   3026 |   2890 |    136 |    933 |   1162 |   2 | 1513.0 |
        Bailey |    399 |    399 |      0 |      0 |    152 |   1 |  399.0 |
               +--------+--------+--------+--------+--------+-----+--------+

Top non-repeatable levels by time:
   Orc:2: 2220 daAuts
  Lair:6: 1499 daAuts
  Lair:2: 1466 daAuts
     D:8: 1458 daAuts
  Lair:5: 1348 daAuts
  Lair:1: 1270 daAuts
    D:13: 1260 daAuts
    D:10: 1083 daAuts
     D:9: 1068 daAuts
     D:4: 1020 daAuts
     D:5: 958 daAuts
  Lair:3: 883 daAuts
    D:12: 835 daAuts
     D:7: 807 daAuts
   Orc:1: 806 daAuts
